Map: Overgrowth LE (Void)

Players

Cuddlebear - Winner!

  • Race: Terran Terran
  • League: Grandmaster
  • Spawn Location: 7:00

FoxeR

  • Race: Terran Terran
  • League: Master
  • Spawn Location: 1:00

VOD

Have the link to the VOD?

Description

Time

  • Played on: Dec. 19, 2016, 2:07 p.m.
  • Length: 35:34
Show
View Real Time Build Order
Export as new Build Order

Cuddlebear Terran - Winner!

Build Orders: Cyclone Opening, Bio Tank 

Get SALT Encoding   

  12  0:00  SCV  
  13  0:12  SCV  
  14  0:17  Supply Depot  
  14  0:25  SCV  
  14  0:28  Refinery  
  15  0:39  SCV  
  16  0:44  Barracks  
  16  0:51  SCV  
  17  1:03  SCV  
  18  1:15  SCV  
  19  1:31  Orbital Command  
  19  1:32  Marine  
  20  1:33  Factory  
  20  1:50  Marine  
  20  1:52  Supply Depot  
  21  1:57  SCV  
  22  2:12  Marine  
  22  2:13  Command Center  
  23  2:22  Cyclone  
  26  2:25  SCV  
  27  2:32  Barracks Reactor  
  27  2:37  Supply Depot, SCV  
  28  2:50  SCV  
  29  2:59  Supply Depot  
  29  3:02  Cyclone, Refinery, SCV  
  33  3:08  Marine x2  
  35  3:14  SCV  
  36  3:26  Marine x2  
  36  3:27  SCV  
  39  3:34  Starport  
  39  3:37  Orbital Command  
  39  3:39  Widow Mine  
  41  3:44  Marine x2, SCV  
  44  3:56  SCV  
  44  3:58  Supply Depot  
  44  4:01  Marine  
  46  4:03  Marine  
  46  4:06  SCV  
  46  4:08  SCV  
  49  4:14  Factory Tech Lab  
  49  4:15  Viking  
  51  4:18  SCV  
  51  4:19  Marine  
  53  4:28  SCV, Marine  
  52  4:34  SCV  
  52  4:37  Siege Tank, Marine  
  57  4:42  SCV  
  57  4:44  Supply Depot  
  58  4:46  Marine  
  58  4:52  Supply Depot  
  59  4:55  Marine, SCV  
  61  5:00  Command Center  
  61  5:04  Viking  
  63  5:10  Siege Tank, Marine  
  61  5:23  SCV x2  
  61  5:25  Marine  
  64  5:30  Marine  
  64  5:35  SCV x2  
  67  5:42  Siege Tank  
  70  5:47  SCV x2  
  74  5:50  Refinery  
  74  5:51  Refinery  
  74  5:55  Supply Depot  
  72  5:57  Supply Depot  
  72  5:59  Barracks Tech Lab, SCV  
  73  6:04  SCV  
  73  6:07  Supply Depot  
  73  6:08  Viking, Engineering Bay  
  73  6:10  Viking  
  78  6:11  Engineering Bay  
  78  6:13  SCV  
  78  6:17  Orbital Command  
  79  6:20  Stimpack, Marine  
  80  6:28  SCV x2  
  79  6:38  Marine  
  74  6:40  SCV  
  74  6:43  SCV  
  74  6:44  SCV  
  70  6:52  Medivac x2, SCV  
  75  6:55  SCV  
  75  6:56  SCV, Marine  
  75  6:57  Siege Tank  
  78  7:04  SCV  
  78  7:06  Terran Infantry Weapons Level 1, Terran Infantry Armor Level 1  
  78  7:07  SCV  
  80  7:09  Barracks  
  80  7:11  Barracks, SCV  
  80  7:14  Marine  
  82  7:16  Supply Depot, SCV  
  82  7:19  SCV  
  84  7:27  SCV  
  85  7:32  Marine  
  85  7:33  Siege Tank  
  85  7:34  Medivac x2  
  85  7:35  SCV  
  94  7:38  Barracks, SCV  
  94  7:39  Barracks  
  96  7:49  SCV  
  96  7:50  Marine  
  97  7:55  Supply Depot, Armory  
  97  7:57  Supply Depot, Barracks Reactor  
  97  8:00  SCV  
  97  8:01  SCV  
  97  8:02  Barracks Reactor  
  99  8:08  Marine  
  99  8:11  Orbital Command  
  100  8:19  SCV  
  101  8:20  Combat Shields, SCV  
  101  8:22  Supply Depot  
  101  8:23  Siege Tank  
  101  8:24  Supply Depot x2  
  101  8:26  Marine, Armory  
  106  8:31  SCV  
  107  8:36  Refinery  
  107  8:37  SCV  
  107  8:39  Refinery  
  108  8:42  SCV  
  108  8:44  Supply Depot  
  108  8:46  SCV  
  108  8:48  Barracks Reactor, Marine x2  
  112  8:49  Barracks Reactor, Marine  
  113  8:56  SCV  
  113  8:58  Marine x2  
  119  9:02  Siege Tank  
  119  9:03  Medivac x2  
  119  9:05  Marine  
  119  9:06  Marine  
  122  9:13  SCV x2  
  117  9:17  Marine  
  117  9:18  Marine  
  117  9:22  Marine  
  117  9:23  SCV  
  120  9:27  Marine  
  120  9:30  SCV, Marine  
  117  9:37  SCV  
  111  9:38  SCV  
  111  9:42  SCV  
  111  9:44  Marine x2  
  115  9:49  SCV  
  115  9:50  Marine, SCV  
  115  9:52  Marine  
  119  9:53  Marine x2  
  119  9:54  Siege Tank, SCV  
  119  9:56  Medivac x2  
  119  9:59  Marine  
  130  10:01  SCV  
  130  10:02  SCV  
  130  10:06  Marine x2, SCV  
  135  10:11  Marine  
  135  10:12  Marine  
  135  10:22  Marine  
  135  10:26  Siege Tank  
  137  10:32  SCV x2  
  135  10:37  Marine  
  135  10:38  Marine  
  135  10:39  Marine x4  
  135  10:40  Medivac x2  
  129  10:47  SCV  
  129  10:48  SCV x2, Marine  
  131  10:52  Armory  
  131  10:54  Marine  
  131  10:56  Command Center  
  132  10:57  Marine  
  132  10:58  Marine x3  
  132  10:59  Siege Tank, Factory  
  132  11:00  Factory  
  132  11:02  Marine  
  140  11:05  Missile Turret  
  140  11:06  Marine  
  140  11:07  Missile Turret  
  141  11:14  Supply Depot x2  
  141  11:19  Marine  
  142  11:25  Marine  
  142  11:26  Missile Turret  
  142  11:27  Missile Turret, Marine  
  142  11:28  Medivac x2  
  148  11:33  Marine  
  148  11:35  Marine x3  
  148  11:36  Siege Tank  
  150  11:41  Terran Vehicle Weapons Level 1, Engineering Bay  
  150  11:42  Marine  
  150  11:43  Engineering Bay  
  150  11:44  Factory Tech Lab  
  150  11:52  Marine  
  150  11:53  Marine x2  
  149  11:57  Medivac  
  149  11:59  Marine  
  145  12:04  Marine x2  
  145  12:06  Marine x2  
  145  12:08  Siege Tank  
  147  12:11  Factory Tech Lab  
  147  12:13  Siege Tank  
  147  12:15  Marine  
  142  12:16  Orbital Command  
  141  12:34  Marine  
  141  12:35  Terran Infantry Weapons Level 2, Terran Infantry Armor Level 2  
  142  12:37  Supply Depot  
  142  12:38  Supply Depot  
  142  12:40  Siege Tank, Supply Depot  
  140  12:51  Marine  
  140  12:52  Marine  
  140  12:56  Marine  
  140  12:57  Marine x2  
  135  13:00  Viking x2  
  135  13:02  Siege Tank  
  135  13:03  Missile Turret  
  132  13:12  Siege Tank, Marine  
  135  13:18  Siege Tank  
  139  13:26  SCV x3  
  140  13:29  Marine  
  140  13:32  Marine  
  142  13:39  Marine  
  142  13:40  Siege Tank  
  144  13:49  Siege Tank  
  130  14:01  Marine  
  130  14:02  Orbital Command  
  123  14:05  Siege Tank, Marine x3  
  123  14:09  Marine  
  125  14:15  SCV x2  
  125  14:16  Missile Turret  
  126  14:21  Marine  
  121  14:26  Marine x2  
  121  14:27  SCV x2  
  118  14:32  Marine  
  118  14:37  Marine x2  
  121  14:39  SCV x2  
  121  14:42  Marine x2  
  121  14:43  SCV  
  126  14:51  SCV  
  128  14:55  SCV  
  125  15:03  Marine x3  
  125  15:04  Marine x2  
  114  15:09  Marine  
  104  15:32  Marine x2  
  104  15:34  Marine  
  98  15:44  Orbital Command  
  98  15:56  Marine  
  99  16:09  Orbital Command  
  97  16:26  Marine x2  
  99  16:37  Orbital Command  
  99  16:43  Terran Infantry Weapons Level 3  
  99  17:03  SCV  
  99  17:04  SCV  
  99  17:05  SCV, Marine  
  102  17:28  Marine  
  103  17:38  Orbital Command  
  84  17:47  Marine x2  
  84  17:48  Marine  
  87  17:56  Liberator  
  87  18:00  Marine  
  87  18:12  Marine x3  
  86  18:20  Marine  
  86  18:21  SCV  
  86  18:22  SCV x2  
  90  18:28  Marine  
  90  18:33  SCV  
  92  18:34  SCV  
  93  18:42  Marine  
  93  18:49  Refinery  
  93  18:53  SCV  
  94  18:56  SCV  
  94  19:02  Orbital Command  
  95  19:03  Marine  
  95  19:05  Siege Tank  
  95  19:07  Factory Tech Lab  
  95  19:08  SCV  
  100  19:13  Refinery  
  101  19:17  SCV  
  101  19:22  SCV  
  102  19:28  SCV  
  102  19:30  Marine  
  104  19:33  SCV  
  104  19:35  SCV  
  106  19:40  SCV  
  106  19:44  Siege Tank  
  110  19:50  SCV x2  
  112  19:58  SCV  
  113  20:14  Marine  
  113  20:15  Marine x2  
  113  20:16  Siege Tank  
  118  20:31  SCV x2  
  120  20:48  Marine x2  
  120  20:58  Marine x2  
  120  20:59  Siege Tank x2, Marine  
  120  21:00  Factory Tech Lab  
  126  21:48  Marine  
  126  21:54  SCV  
  123  21:58  Marine x3  
  123  21:59  Orbital Command  
  126  22:02  Marine x3  
  126  22:03  Siege Tank x3  
  135  22:20  Marine x3  
  135  22:21  Marine x3  
  141  22:48  Supply Depot x2  
  141  22:49  Supply Depot  
  141  22:50  Supply Depot  
  141  22:51  Marine  
  141  23:05  Marine  
  141  23:07  SCV x3  
  141  23:09  Marine  
  141  23:10  Viking x2  
  127  23:29  Marine  
  127  23:33  Marine  
  126  23:34  SCV x3  
  126  23:35  Marine  
  126  23:37  Marine  
  130  23:44  Marine x3  
  130  23:45  Marine  
  109  23:56  Marine x4  
  109  23:57  Siege Tank x2  
  109  24:00  SCV x2  
  119  24:05  Marine  
  120  24:12  Marine  
  120  24:13  Terran Infantry Armor Level 3  
  120  24:15  Marine  
  120  24:16  Marine  
  123  24:17  Marine  
  124  24:29  Marine  
  124  24:30  Marine  
  124  24:31  Marine x2  
  128  24:42  Viking  
  128  24:43  Viking  
  129  24:52  Marine  
  129  24:55  Marine  
  129  24:56  Marine  
  129  24:59  SCV x2  
  134  25:00  Sensor Tower, SCV  
  134  25:06  Marine  
  136  25:07  Marine x2  
  136  25:12  Siege Tank x2  
  144  25:15  Liberator x2  
  137  25:40  Marine  
  138  25:45  Marine  
  139  25:51  Terran Vehicle Weapons Level 2  
  139  25:56  Marine  
  139  25:57  Marine x2  
  142  26:09  Liberator x2  
  142  26:16  Orbital Command  
  142  26:20  Marine  
  143  26:25  Marine  
  143  26:26  Marine x2  
  152  26:47  Marine x2  
  154  26:56  Marine x3  
  154  26:57  Siege Tank x2  
  163  27:06  Marine  
  163  27:13  Orbital Command  
  143  27:47  Supply Depot x2  
  143  27:48  Supply Depot x2  
  143  27:52  Refinery  
  143  28:00  Refinery x2  
  143  28:09  Siege Tank x2, Marine x2  
  151  28:19  Sensor Tower  
  151  28:33  Marine  
  152  28:37  Command Center  
  145  29:04  Marine x2  
  147  29:10  Marine  
  96  29:27  Marine  
  96  29:29  Marine  
  89  29:32  Marine x3  
  89  29:33  Siege Tank x2, Marine  
  89  29:37  Marine x2  
  100  29:52  Marine  
  101  30:08  Marine  
  101  30:11  Viking  
  104  30:28  Viking  
  104  30:29  Marine  
  98  30:43  Marine  
  98  30:44  SCV x2  
  98  30:48  Refinery  
  99  31:05  Marine  
  99  31:07  Marine x2  
  101  31:38  Marine x2  
  101  31:39  Marine x4  
  107  31:50  Viking  
  107  31:51  Orbital Command  
  108  31:59  Marine  
  103  32:20  SCV  
  103  32:21  SCV x2  
  106  32:23  Marine x2  
  106  32:24  Marine  
  109  32:33  SCV  
  105  33:00  Marine  
  105  33:02  Viking x2  
  105  33:03  Marine  
  105  33:04  SCV x2  
  113  33:06  Orbital Command  
  92  33:49  Liberator x2  
  92  33:54  Marine  
  88  34:04  Marine x3  
  97  34:11  SCV x2  
  97  34:12  SCV  
  97  34:13  Marine  
  98  34:23  Marine x2  
  93  34:25  Marine x2  
  93  34:28  Orbital Command  
  95  34:35  Marine  
  95  34:36  SCV  
  97  34:43  Marine  
  98  34:50  SCV  
  99  34:57  SCV  
  100  35:00  SCV  
  100  35:04  Marine  
  104  35:17  SCV  
  104  35:19  SCV  
  104  35:20  SCV  
Show
View Real Time Build Order
Export as new Build Order

FoxeR Terran 

Build Orders: 1/1/1, Cyclone Opening 

Get SALT Encoding   

  12  0:00  SCV  
  13  0:13  SCV  
  14  0:17  Supply Depot  
  14  0:25  SCV  
  14  0:27  Refinery  
  15  0:39  SCV  
  16  0:44  Barracks  
  16  0:51  SCV  
  17  1:01  Refinery  
  17  1:03  SCV  
  18  1:15  SCV  
  19  1:27  SCV  
  20  1:34  Reaper  
  20  1:36  Factory  
  20  1:39  Orbital Command  
  21  1:51  Supply Depot  
  21  2:05  SCV  
  22  2:08  Reaper  
  23  2:17  SCV  
  23  2:22  Cyclone  
  27  2:23  Starport  
  27  2:29  SCV  
  28  2:30  Supply Depot  
  28  2:41  SCV  
  29  2:51  Barracks Reactor  
  29  2:53  SCV  
  30  3:02  Factory Tech Lab  
  30  3:07  Viking  
  30  3:12  SCV  
  33  3:18  Command Center  
  32  3:24  SCV  
  32  3:26  Siege Tank  
  36  3:28  Marine x2  
  38  3:36  SCV  
  38  3:39  Supply Depot  
  39  3:56  Supply Depot  
  39  4:01  Medivac, Marine x2, SCV  
  44  4:03  Siege Tank  
  47  4:11  Engineering Bay  
  47  4:18  SCV  
  47  4:30  SCV  
  48  4:33  Marine  
  48  4:35  Siege Tank  
  52  4:42  SCV  
  52  4:43  Orbital Command  
  53  4:50  Terran Infantry Weapons Level 1  
  53  4:54  SCV  
  53  4:55  Marine x2  
  56  5:06  SCV  
  49  5:23  Siege Tank, Marine x2  
  49  5:24  Starport Reactor, SCV  
  49  5:28  SCV  
  54  5:29  Barracks  
  54  5:30  Barracks  
  54  5:31  Barracks  
  54  5:37  SCV  
  54  5:40  SCV  
  56  5:43  Refinery  
  56  5:49  SCV  
  57  5:51  Barracks  
  57  5:52  SCV  
  58  5:57  Supply Depot  
  58  6:00  Command Center, Marine  
  58  6:01  Marine  
  60  6:06  SCV  
  60  6:07  SCV  
  60  6:11  Supply Depot  
  62  6:18  Barracks Tech Lab x2, SCV, Marine x2  
  62  6:19  SCV  
  62  6:20  Barracks Reactor  
  66  6:29  Siege Tank  
  67  6:36  Marine x2  
  59  6:48  Marine, SCV  
  59  6:51  Marine  
  59  6:53  SCV  
  58  6:54  Marine  
  58  7:00  SCV  
  59  7:01  Siege Tank, Terran Infantry Armor Level 1  
  59  7:03  Engineering Bay  
  59  7:04  Armory  
  59  7:05  Refinery, Marine, SCV  
  59  7:07  Supply Depot  
  64  7:09  Marine  
  64  7:10  Marine  
  64  7:11  Combat Shields, Marine x3, Stimpack  
  64  7:12  SCV, Marine  
  71  7:17  SCV  
  72  7:23  Marine  
  72  7:25  SCV  
  72  7:27  Marine  
  72  7:28  Marine x2  
  77  7:33  Medivac x2  
  77  7:34  SCV  
  82  7:37  SCV  
  84  7:44  Marine x2  
  84  7:45  Barracks Reactor  
  84  7:47  Orbital Command  
  84  7:48  SCV  
  84  7:49  SCV  
  87  7:52  Marine  
  87  7:53  Supply Depot  
  87  7:54  Marine x2  
  90  8:00  SCV  
  90  8:03  Medivac  
  93  8:09  Marine x3  
  93  8:10  Siege Tank, Medivac, Marine  
  93  8:12  Marine x2  
  102  8:18  SCV x3  
  105  8:20  Refinery  
  105  8:23  Refinery  
  105  8:24  Supply Depot  
  105  8:27  Marine x2  
  105  8:28  Terran Vehicle Weapons Level 1  
  105  8:29  Marine x3  
  105  8:30  Marine x2, SCV  
  105  8:33  SCV x2  
  115  8:41  Marine  
  115  8:42  Siege Tank  
  115  8:45  Marine x2  
  115  8:48  Marine  
  121  8:49  Marine  
  121  8:50  Medivac, Marine  
  121  8:51  Medivac  
  121  8:52  Marine x2  
  128  8:59  Marine  
  128  9:01  SCV x2  
  131  9:03  Marine  
  132  9:14  Siege Tank, Marine  
  132  9:15  Marine x2  
  130  9:18  Marine x2  
  130  9:19  Marine  
  130  9:22  Factory  
  133  9:26  Medivac  
  133  9:31  Medivac  
  133  9:32  Marine x2, SCV  
  133  9:33  Marine x3  
  133  9:37  Marine x2  
  133  9:38  Marine  
  126  9:45  SCV x2  
  126  9:50  Marine x2  
  126  9:51  Marine x3  
  132  9:55  Marine  
  132  9:59  Siege Tank, Supply Depot, Medivac, Marine x2  
  140  10:00  Supply Depot  
  140  10:05  Terran Infantry Weapons Level 2, Terran Infantry Armor Level 2  
  140  10:07  Marine  
  140  10:10  Medivac, Marine x4  
  140  10:13  Supply Depot, Marine  
  148  10:17  Marine  
  148  10:20  Marine  
  150  10:25  Marine  
  150  10:28  Marine x2  
  153  10:29  Medivac  
  153  10:31  Siege Tank  
  153  10:34  Marine  
  154  10:41  Marine  
  154  10:42  Medivac  
  138  10:46  Marine x2  
  138  10:49  Marine x2  
  131  10:50  Marine  
  131  10:51  Marine  
  131  10:52  Marine, Factory Tech Lab  
  131  10:57  Supply Depot, Command Center  
  137  10:59  Marine  
  137  11:03  Siege Tank  
  137  11:04  Marine x2  
  141  11:06  Marine  
  141  11:07  Marine  
  142  11:14  Barracks  
  142  11:15  Barracks  
  142  11:16  Barracks  
  142  11:19  Marine  
  142  11:20  Marine x2  
  143  11:29  Marine  
  143  11:32  Marine x2  
  146  11:33  Marine x2  
  146  11:37  Marine  
  146  11:38  Marine  
  142  11:40  Marine  
  142  11:41  Medivac  
  143  11:47  Marine  
  143  11:49  Marine x2  
  143  11:50  Marine  
  146  11:55  Marine x2  
  146  11:57  Marine  
  146  11:58  Siege Tank, Marine  
  151  12:05  Marine  
  151  12:07  Marine  
  140  12:11  Marine  
  140  12:12  Marine x2  
  140  12:15  Marine x2  
  141  12:16  Marine  
  140  12:24  Marine  
  140  12:25  Marine  
  135  12:33  Marine  
  135  12:36  Marine x2  
  138  12:38  Marine x2  
  138  12:39  Medivac  
  140  12:44  Marine  
  140  12:45  Siege Tank, Marine x2  
  140  12:46  Medivac  
  140  12:49  Siege Tank  
  140  12:50  Marine  
  146  12:51  Command Center  
  144  13:00  Marine x2  
  144  13:02  Marine x4  
  144  13:03  Marine  
  141  13:08  Marine  
  141  13:09  Medivac  
  138  13:16  Medivac  
  138  13:17  Planetary Fortress  
  138  13:18  Siege Tank, Marine x2  
  143  13:20  Marine  
  147  13:28  Sensor Tower x2  
  147  13:31  Marine x2  
  147  13:37  Marine x4  
  147  13:39  Medivac  
  147  13:40  Marine x2  
  146  13:46  Medivac  
  132  13:50  Siege Tank  
  132  13:55  Marine x3  
  126  13:56  Marine x2  
  126  13:57  Marine  
  126  14:02  Marine  
  131  14:08  Marine  
  131  14:09  Medivac  
  118  14:17  Marine  
  118  14:22  Siege Tank  
  122  14:27  Orbital Command  
  123  14:37  Marine  
  123  14:45  Marine x2  
  123  14:50  Marine  
  126  14:54  Siege Tank  
  119  15:21  Marine x3  
  121  15:24  Marine  
  108  15:43  Marine x2  
  97  16:08  Medivac, Orbital Command  
  99  16:20  Marine x3  
  99  16:21  Marine  
  103  16:35  Marine x2  
  103  16:38  Marine x3  
  103  16:39  Marine  
  109  16:53  Marine x2  
  111  16:55  Barracks  
  111  16:56  Barracks, Marine x2  
  111  16:57  Barracks  
  113  17:07  Marine x2  
  113  17:08  Siege Tank  
  113  17:10  Sensor Tower, Marine  
  113  17:11  Marine  
  113  17:13  Marine  
  116  17:23  Marine  
  116  17:25  Marine  
  116  17:29  Marine  
  119  17:40  Siege Tank  
  112  17:45  Marine x2  
  112  17:46  Marine x4  
  112  17:47  Marine  
  118  17:54  Marine x2  
  120  18:03  Marine x2  
  120  18:04  Marine x2  
  99  18:12  Siege Tank  
  99  18:13  Marine  
  99  18:15  Marine x2  
  99  18:17  Marine  
  99  18:18  Marine  
  155  18:20  Medivac  
  107  18:21  Marine x2  
  107  18:22  Marine x2  
  110  18:31  Marine  
  110  18:32  Marine  
  110  18:33  Marine  
  113  18:35  Marine x2  
  113  18:39  Marine x4  
  119  18:45  Siege Tank  
  122  18:48  Marine  
  122  18:50  Marine x2  
  122  18:53  Marine x2  
  127  18:56  Marine  
  127  18:57  Marine x2  
  127  18:58  Marine  
  131  19:06  Marine  
  131  19:08  Marine x2  
  134  19:11  Marine x2  
  139  19:17  Siege Tank  
  139  19:25  Marine x2  
  141  19:52  Marine  
  141  19:54  Marine  
  141  19:55  Orbital Command, Marine  
  141  19:56  Terran Infantry Weapons Level 3  
  141  19:57  Marine  
  141  20:06  Siege Tank  
  139  20:14  Marine x2  
  141  20:22  Refinery x2  
  141  20:47  Barracks Reactor  
  141  20:53  Supply Depot x2, Marine x3  
  141  20:54  Barracks Tech Lab, Marine x3  
  141  20:55  Siege Tank  
  136  21:02  Barracks Reactor  
  136  21:10  Marine x3  
  139  21:12  Marine x2  
  139  21:17  Factory x2  
  141  21:22  Marine x2  
  143  21:29  Refinery x2  
  143  21:32  Marine x4  
  146  21:34  Sensor Tower  
  146  21:36  Command Center  
  146  21:37  Marine x2  
  148  21:46  Marine x2  
  142  21:49  Medivac  
  144  22:00  Marine x2  
  146  22:02  Marine x2, Factory Tech Lab  
  148  22:17  Marine  
  148  22:19  Siege Tank  
  148  22:22  Siege Tank, Medivac x2  
  138  22:28  Factory Tech Lab  
  139  22:40  Marine x2  
  139  22:46  Marine x2  
  139  22:47  Marine  
  139  22:48  Siege Tank, Marine x2  
  147  22:57  Siege Tank  
  120  23:28  Siege Tank  
  120  23:30  Siege Tank  
  120  23:32  Marine x3  
  120  23:33  Marine x2  
  120  23:34  Siege Tank  
  108  23:36  Marine  
  108  23:37  Marine x5  
  108  23:40  SCV  
  108  23:41  SCV x2  
  117  23:50  Marine x3  
  117  23:51  Marine x2  
  117  23:53  SCV x3  
  117  23:54  Marine x3  
  109  24:00  Siege Tank, Marine  
  100  24:03  Marine x2  
  100  24:04  Siege Tank  
  100  24:05  SCV  
  100  24:06  Siege Tank  
  100  24:08  Marine x3  
  100  24:09  Marine x2, SCV x2  
  116  24:12  Marine  
  116  24:15  Marine x2  
  119  24:17  SCV  
  119  24:20  Marine  
  119  24:21  SCV  
  117  24:32  Sensor Tower  
  112  24:50  Marine x2  
  112  24:51  Marine x6  
  119  25:00  Marine x2  
  119  25:05  Marine  
  122  25:23  Starport  
  122  25:24  Starport  
  113  25:40  Siege Tank x2  
  117  25:43  Planetary Fortress  
  117  25:51  Siege Tank  
  117  25:52  Marine  
  117  25:53  Marine x2  
  117  25:55  Medivac x2  
  117  25:56  Marine  
  128  26:01  Marine x3  
  131  26:08  Marine  
  132  26:12  Siege Tank  
  132  26:13  Sensor Tower  
  135  26:28  Marine x2  
  135  26:29  Siege Tank  
  135  26:31  Medivac x3  
  146  26:34  Siege Tank  
  123  27:16  Marine x2  
  123  27:17  Siege Tank  
  123  27:19  Marine  
  123  27:20  Siege Tank  
  132  27:27  Marine x2  
  132  27:28  Siege Tank  
  129  27:35  Marine x2  
  129  27:36  Marine  
  125  27:38  Viking x3  
  131  27:57  Viking  
  133  28:07  Marine x2  
  133  28:08  Viking  
  137  28:15  Marine  
  137  28:16  Marine  
  137  28:18  Viking x2  
  143  28:24  Orbital Command, Marine x2  
  145  28:27  Viking  
  145  28:32  Marine  
  145  28:33  Marine x3  
  150  28:35  Marine x2  
  150  28:38  Viking  
  153  28:54  Marine x2  
  153  28:55  Marine  
  131  29:10  Liberator x2  
  122  29:23  Marine x2  
  122  29:24  Marine  
  92  29:38  Marine  
  93  29:39  Marine x5  
  93  29:43  Marine  
  99  29:49  Orbital Command  
  99  29:58  Marine x2  
  99  29:59  Marine  
  102  30:01  SCV  
  101  30:13  SCV  
  102  30:20  Marine x2  
  104  31:03  Marine x2  
  96  31:12  Marine x3  
  96  31:17  Viking x2  
  103  31:29  Viking  
  105  31:44  Marine x2  
  107  32:01  Marine  
  107  32:02  Marine  
  107  32:04  Viking x2  
  107  32:06  Marine  
  102  32:15  Viking  
  102  32:39  Orbital Command  
  84  33:26  Marine  
  84  33:27  Marine  
  85  33:31  Siege Tank  
  83  33:45  Marine x2  
  85  33:50  Marine  
  72  34:23  Marine  
  32  34:58  Marine  
Tags
 
Add a new tag
Caveats
  • Supply blocks, unpowered buildings, or Contaminate may cause inaccurate times.
  • Supply counts are checked every 10 seconds.